3097 views
Uploaded 2020-08-23 04:19:57
Game version 1.32.8
74:48 long 1on1 ladder game on (2)NorthernIsles
Saved by BEARAND
3097 views
Uploaded 2020-08-23 04:19:57
Game version 1.32.8
74:48 long 1on1 ladder game on (2)NorthernIsles

30 units @ 4k
/ 0.5k
135 buildings @ 6.2k
/ 3.5k



| Scroll of Regeneration | 2 | 200 |
| Lesser Clarity Potion | 2 | 140 |
| Staff of Sanctuary | 3 | 750 |
| Orb of Fire | 2 | 650 |
| Potion of Healing | 2 | 300 |
| Potion of Mana | 1 | 200 |
| Boots of Speed | 3 | 750 |
| Staff of Teleportation | 3 | 450 |
| Robe of the Magi +6 | 1 | 400 |
| total: | 19 | 3840g |
| Peasant | 16 | 1200 | / | 0 |
| Dragonhawk Rider | 9 | 1800 | / | 270 |
| Priest | 2 | 270 | / | 20 |
| Sorceress | 1 | 155 | / | 20 |
| Goblin Zeppelin | 1 | 240 | / | 60 |
| Goblin Shredder | 1 | 375 | / | 100 |
| total: | 30 | 4040g | / | 470w |
| Scout Tower | 117 | 3510 | / | 2340 |
| Arcane Tower | 9 | 630 | / | 450 |
| Guard Tower | 99 | 6930 | / | 4950 |
| Altar of Kings | 1 | 180 | / | 50 |
| Farm | 5 | 400 | / | 100 |
| Arcane Vault | 4 | 520 | / | 120 |
| Lumber Mill | 1 | 120 | / | 0 |
| Town Hall | 2 | 770 | / | 410 |
| Blacksmith | 2 | 280 | / | 120 |
| Barracks | 1 | 160 | / | 60 |
| Gryphon Aviary | 1 | 140 | / | 150 |
| Arcane Sanctum | 1 | 150 | / | 140 |
| Keep | 2 | 640 | / | 420 |
| Castle | 1 | 360 | / | 210 |
| total: | 135 | 6230g | / | 3490w |
| 0:02 | Peasant |
| 0:02 | Peasant |
| 0:10 | Altar of Kings |
| 0:18 | Farm |
| 0:21 | Peasant |
| 0:37 | Peasant |
| 0:42 | Farm |
| 0:44 | Arcane Vault |
| 0:48 | Peasant |
| 1:08 | Peasant |
| 1:13 | Lumber Mill |
| 1:16 | Scout Tower |
| 1:21 | Scout Tower |
| 1:22 | Scout Tower |
| 1:23 | Peasant |
| 1:26 | Arcane Vault |
| 1:42 | Peasant |
| 1:44 | Peasant |
| 1:48 | Arcane Tower |
| 1:58 | Peasant |
| 2:11 | Blizzard |
| 2:19 | Scout Tower |
| 2:37 | Guard Tower |
| 2:53 | Guard Tower |
| 2:55 | Scout Tower |
| 2:56 | Peasant |
| 2:57 | Peasant |
| 2:57 | Peasant |
| 2:57 | Peasant |
| 3:15 | Brilliance Aura |
| 3:17 | Peasant |
| 3:27 | Scroll of Regeneration |
| 4:14 | Town Hall |
| 4:18 | Scout Tower |
| 4:19 | Scout Tower |
| 4:38 | Boots of Speed |
| 4:38 | Staff of Teleportation |
| 4:46 | Scout Tower |
| 4:48 | Scout Tower |
| 4:48 | Guard Tower |
| 4:58 | Guard Tower |
| 5:14 | Guard Tower |
| 5:15 | Scout Tower |
| 5:23 | Arcane Tower |
| 5:24 | Scout Tower |
| 5:43 | Keep |
| 5:54 | Guard Tower |
| 6:08 | Farm |
| 6:10 | Farm |
| 6:12 | Improved Masonry |
| 6:12 | Advanced Masonry |
| 6:53 | Guard Tower |
| 6:54 | Guard Tower |
| 6:54 | Peasant |
| 7:22 | Goblin Zeppelin |
| 7:22 | Goblin Shredder |
| 7:56 | Scroll of Regeneration |
| 8:10 | Castle |
| 8:21 | Scout Tower |
| 8:21 | Scout Tower |
| 8:23 | Scout Tower |
| 8:24 | Scout Tower |
| 8:24 | Scout Tower |
| 8:25 | Scout Tower |
| 8:26 | Scout Tower |
| 8:27 | Scout Tower |
| 8:31 | Scout Tower |
| 8:32 | Scout Tower |
| 8:33 | Scout Tower |
| 8:33 | Scout Tower |
| 8:34 | Scout Tower |
| 8:35 | Scout Tower |
| 8:35 | Scout Tower |
| 8:36 | Scout Tower |
| 8:36 | Scout Tower |
| 8:47 | Imbued Masonry |
| 9:09 | Guard Tower |
| 9:13 | Storm Bolt |
| 9:19 | Lesser Clarity Potion |
| 9:23 | Lesser Clarity Potion |
| 9:31 | Guard Tower |
| 9:31 | Guard Tower |
| 9:33 | Gryphon Aviary |
| 9:35 | Blacksmith |
| 9:37 | Barracks |
| 9:37 | Guard Tower |
| 9:52 | Arcane Vault |
| 9:59 | Guard Tower |
| 10:07 | Guard Tower |
| 10:36 | Guard Tower |
| 10:42 | Guard Tower |
| 10:42 | Guard Tower |
| 10:46 | Guard Tower |
| 11:02 | Guard Tower |
| 11:04 | Scout Tower |
| 11:04 | Scout Tower |
| 11:05 | Scout Tower |
| 11:06 | Scout Tower |
| 11:06 | Scout Tower |
| 11:07 | Scout Tower |
| 11:11 | Staff of Sanctuary |
| 11:11 | Orb of Fire |
| 11:19 | Potion of Healing |
| 11:23 | Potion of Healing |
| 11:38 | Staff of Teleportation |
| 11:43 | Boots of Speed |
| 11:48 | Staff of Sanctuary |
| 11:48 | Orb of Fire |
| 11:50 | Potion of Mana |
| 11:53 | Holy Light |
| 11:57 | Guard Tower |
| 11:57 | Guard Tower |
| 12:01 | Dragonhawk Rider |
| 12:51 | Blizzard |
| 13:16 | Backpack |
| 13:33 | Blacksmith |
| 13:34 | Arcane Sanctum |
| 13:38 | Dragonhawk Rider |
| 13:41 | Farm |
| 13:48 | Animal War Training |
| 13:49 | Guard Tower |
| 13:50 | Arcane Tower |
| 13:50 | Guard Tower |
| 13:53 | Bash |
| 13:55 | Guard Tower |
| 13:56 | Arcane Tower |
| 13:56 | Guard Tower |
| 14:02 | Scout Tower |
| 14:03 | Scout Tower |
| 14:04 | Scout Tower |
| 14:04 | Scout Tower |
| 14:13 | Dragonhawk Rider |
| 14:15 | Dragonhawk Rider |
| 14:21 | Scout Tower |
| 14:21 | Scout Tower |
| 14:23 | Scout Tower |
| 14:25 | Scout Tower |
| 14:38 | Guard Tower |
| 14:41 | Guard Tower |
| 14:43 | Scout Tower |
| 14:44 | Scout Tower |
| 14:45 | Scout Tower |
| 14:46 | Scout Tower |
| 14:46 | Scout Tower |
| 14:47 | Scout Tower |
| 14:58 | Blizzard |
| 14:59 | Boots of Speed |
| 14:59 | Staff of Teleportation |
| 15:05 | Iron Forged Swords |
| 15:05 | Studded Leather Armor |
| 15:22 | Guard Tower |
| 15:22 | Guard Tower |
| 15:48 | Divine Shield |
| 15:50 | Guard Tower |
| 15:50 | Guard Tower |
| 15:51 | Guard Tower |
| 16:10 | Magic Sentry |
| 16:10 | Priest |
| 16:12 | Guard Tower |
| 17:27 | Scout Tower |
| 17:27 | Scout Tower |
| 17:28 | Scout Tower |
| 17:28 | Scout Tower |
| 17:29 | Scout Tower |
| 17:29 | Scout Tower |
| 17:30 | Scout Tower |
| 17:30 | Scout Tower |
| 17:30 | Scout Tower |
| 17:31 | Scout Tower |
| 17:31 | Scout Tower |
| 17:46 | Steel Forged Swords |
| 17:46 | Reinforced Leather Armor |
| 18:33 | Cloud |
| 18:41 | Staff of Sanctuary |
| 19:25 | Guard Tower |
| 20:12 | Guard Tower |
| 21:06 | Scout Tower |
| 21:07 | Scout Tower |
| 21:08 | Scout Tower |
| 21:09 | Scout Tower |
| 21:09 | Scout Tower |
| 21:10 | Scout Tower |
| 21:11 | Scout Tower |
| 21:11 | Scout Tower |
| 21:12 | Scout Tower |
| 21:13 | Scout Tower |
| 21:42 | Guard Tower |
| 21:56 | Guard Tower |
| 21:56 | Guard Tower |
| 22:06 | Guard Tower |
| 22:08 | Scout Tower |
| 22:08 | Scout Tower |
| 22:09 | Scout Tower |
| 22:09 | Scout Tower |
| 22:10 | Scout Tower |
| 22:11 | Scout Tower |
| 22:32 | Guard Tower |
| 22:38 | Guard Tower |
| 22:42 | Guard Tower |
| 23:13 | Guard Tower |
| 23:26 | Guard Tower |
| 23:34 | Guard Tower |
| 23:36 | Scout Tower |
| 23:36 | Scout Tower |
| 23:37 | Scout Tower |
| 23:37 | Scout Tower |
| 23:38 | Scout Tower |
| 23:38 | Scout Tower |
| 23:39 | Scout Tower |
| 24:06 | Arcane Tower |
| 24:07 | Guard Tower |
| 24:07 | Guard Tower |
| 24:26 | Guard Tower |
| 24:49 | Guard Tower |
| 25:01 | Guard Tower |
| 25:01 | Guard Tower |
| 25:05 | Town Hall |
| 25:26 | Scout Tower |
| 25:27 | Scout Tower |
| 25:28 | Scout Tower |
| 25:29 | Scout Tower |
| 25:30 | Scout Tower |
| 25:32 | Scout Tower |
| 25:32 | Scout Tower |
| 25:33 | Scout Tower |
| 25:35 | Scout Tower |
| 25:36 | Scout Tower |
| 25:37 | Scout Tower |
| 26:21 | Guard Tower |
| 26:21 | Guard Tower |
| 26:23 | Guard Tower |
| 26:30 | Guard Tower |
| 26:35 | Scout Tower |
| 26:36 | Scout Tower |
| 26:57 | Guard Tower |
| 27:11 | Guard Tower |
| 27:13 | Mithril Forged Swords |
| 27:13 | Dragonhide Armor |
| 27:52 | Guard Tower |
| 28:13 | Storm Bolt |
| 28:32 | Guard Tower |
| 28:34 | Scout Tower |
| 28:35 | Scout Tower |
| 28:35 | Scout Tower |
| 29:20 | Guard Tower |
| 29:35 | Brilliance Aura |
| 29:36 | Guard Tower |
| 30:09 | Guard Tower |
| 30:13 | Scout Tower |
| 30:15 | Scout Tower |
| 30:15 | Scout Tower |
| 30:17 | Scout Tower |
| 30:18 | Scout Tower |
| 30:35 | Arcane Vault |
| 31:39 | Holy Light |
| 31:49 | Guard Tower |
| 31:58 | Guard Tower |
| 31:58 | Guard Tower |
| 32:06 | Storm Hammers |
| 32:08 | Priest |
| 32:14 | Guard Tower |
| 33:15 | Arcane Tower |
| 33:17 | Scout Tower |
| 33:17 | Scout Tower |
| 33:23 | Scout Tower |
| 33:24 | Scout Tower |
| 33:25 | Scout Tower |
| 33:28 | Scout Tower |
| 33:29 | Scout Tower |
| 33:30 | Scout Tower |
| 33:31 | Scout Tower |
| 33:31 | Scout Tower |
| 33:32 | Scout Tower |
| 33:33 | Scout Tower |
| 33:34 | Scout Tower |
| 33:35 | Scout Tower |
| 33:58 | Dragonhawk Rider |
| 34:02 | Guard Tower |
| 34:52 | Arcane Tower |
| 34:53 | Guard Tower |
| 34:53 | Guard Tower |
| 36:44 | Dragonhawk Rider |
| 37:04 | Dragonhawk Rider |
| 37:06 | Arcane Tower |
| 37:06 | Guard Tower |
| 37:07 | Guard Tower |
| 37:31 | Guard Tower |
| 39:18 | Priest Adept Training |
| 39:20 | Sorceress Adept Training |
| 40:05 | Robe of the Magi +6 |
| 40:52 | Arcane Tower |
| 42:33 | Bash |
| 50:36 | Dragonhawk Rider |
| 50:36 | Dragonhawk Rider |
| 55:52 | Sorceress |
| 57:45 | Blizzard |
| 57:47 | Divine Shield |
| 67:56 | Storm Bolt |
| 69:15 | Holy Light |
| 70:09 | Mass Teleport |
| Right click | 6700 |
| Select group | 1724 |
| Select | 1501 |
| Chat | 886 |
| Build/train/purchase | 396 |
| Use ability | 358 |
| Misc. action | 97 |
| Assign group | 27 |
| Item give/drop | 14 |
| Remove unit | 2 |
52 units @ 8.6k
/ 1.5k
30 buildings @ 4.8k
/ 1.8k



| Rod of Necromancy | 3 | 450 |
| Sacrificial Skull | 1 | 50 |
| Orb of Corruption | 2 | 750 |
| Potion of Healing | 1 | 150 |
| Crystal Ball | 1 | 300 |
| Pendant of Energy | 1 | 300 |
| Claws of Attack +6 | 1 | 125 |
| Sobi Mask | 1 | 400 |
| The Lion Horn of Stormwind | 1 | 400 |
| Potion of Invulnerability | 1 | 400 |
| Potion of Greater Healing | 1 | 400 |
| total: | 14 | 3725g |
| Acolyte | 18 | 1350 | / | 0 |
| Ghoul | 4 | 480 | / | 0 |
| Crypt Fiend | 6 | 1290 | / | 240 |
| Obsidian Statue | 2 | 400 | / | 70 |
| Meat Wagon | 14 | 3220 | / | 700 |
| Frost Wyrm | 2 | 770 | / | 240 |
| Gargoyle | 5 | 875 | / | 150 |
| Goblin Zeppelin | 1 | 240 | / | 60 |
| total: | 52 | 8625g | / | 1460w |
| Nerubian Tower | 6 | 600 | / | 120 |
| Spirit Tower | 7 | 1015 | / | 280 |
| Altar of Darkness | 1 | 180 | / | 50 |
| Ziggurat | 17 | 2550 | / | 850 |
| Crypt | 1 | 200 | / | 50 |
| Tomb of Relics | 2 | 260 | / | 60 |
| Graveyard | 1 | 215 | / | 0 |
| Necropolis | 3 | 675 | / | 0 |
| Slaughterhouse | 2 | 280 | / | 270 |
| Sacrificial Pit | 1 | 75 | / | 150 |
| Boneyard | 2 | 350 | / | 400 |
| Halls of the Dead | 2 | 640 | / | 420 |
| Black Citadel | 2 | 650 | / | 460 |
| total: | 30 | 4785g | / | 1830w |
| 0:09 | Altar of Darkness |
| 0:11 | Ziggurat |
| 0:15 | Crypt |
| 0:26 | Acolyte |
| 0:38 | Acolyte |
| 0:38 | Acolyte |
| 0:57 | Tomb of Relics |
| 1:18 | Ghoul |
| 1:27 | Ziggurat |
| 1:30 | Ziggurat |
| 1:39 | Ghoul |
| 2:00 | Graveyard |
| 2:15 | Carrion Beetles |
| 2:17 | Rod of Necromancy |
| 2:42 | Nerubian Tower |
| 2:44 | Ghoul |
| 3:13 | Ghoul |
| 3:25 | Crypt Fiend |
| 4:00 | Crypt Fiend |
| 4:16 | Halls of the Dead |
| 4:26 | Spiked Carapace |
| 4:39 | Crypt Fiend |
| 4:41 | Creature Carapace |
| 5:51 | Ziggurat |
| 5:55 | Ziggurat |
| 7:01 | Backpack |
| 7:02 | Web |
| 7:03 | Burrow |
| 7:03 | Crypt Fiend |
| 7:20 | Improved Creature Carapace |
| 7:38 | Rod of Necromancy |
| 7:38 | Sacrificial Skull |
| 7:58 | Unholy Aura |
| 8:09 | Slaughterhouse |
| 8:14 | Nerubian Tower |
| 8:27 | Acolyte |
| 9:11 | Ziggurat |
| 9:16 | Death Coil |
| 9:17 | Carrion Beetles |
| 9:23 | Crystal Ball |
| 9:27 | Pendant of Energy |
| 9:31 | Claws of Attack +6 |
| 10:03 | Ziggurat |
| 10:07 | Spirit Tower |
| 10:49 | Obsidian Statue |
| 10:49 | Obsidian Statue |
| 11:07 | Nerubian Tower |
| 11:12 | Acolyte |
| 11:12 | Acolyte |
| 11:12 | Acolyte |
| 11:13 | Acolyte |
| 11:47 | Death Coil |
| 12:24 | Crypt Fiend |
| 12:39 | Impale |
| 13:13 | Black Citadel |
| 13:16 | Meat Wagon |
| 13:18 | Meat Wagon |
| 13:49 | Tomb of Relics |
| 13:55 | Slaughterhouse |
| 15:10 | Sobi Mask |
| 15:25 | Unholy Aura |
| 16:05 | Destroyer Form |
| 16:05 | Exhume Corpses |
| 16:06 | Disease Cloud |
| 16:46 | Frost Nova |
| 16:47 | Orb of Corruption |
| 16:47 | Rod of Necromancy |
| 20:55 | Acolyte |
| 20:55 | Acolyte |
| 20:55 | Acolyte |
| 20:56 | Acolyte |
| 20:57 | Acolyte |
| 21:31 | Ziggurat |
| 21:32 | Ziggurat |
| 23:30 | The Lion Horn of Stormwind |
| 23:49 | Potion of Invulnerability |
| 24:20 | Potion of Greater Healing |
| 24:28 | Sacrificial Pit |
| 24:30 | Spirit Tower |
| 24:32 | Nerubian Tower |
| 24:34 | Ziggurat |
| 25:27 | Necropolis |
| 25:35 | Boneyard |
| 25:38 | Ziggurat |
| 25:42 | Boneyard |
| 25:44 | Meat Wagon |
| 25:44 | Meat Wagon |
| 25:47 | Meat Wagon |
| 25:48 | Meat Wagon |
| 27:08 | Ziggurat |
| 28:32 | Spirit Tower |
| 28:47 | Freezing Breath |
| 29:48 | Spirit Tower |
| 30:07 | Frost Wyrm |
| 30:12 | Creature Attack |
| 30:13 | Advanced Creature Carapace |
| 31:59 | Frost Wyrm |
| 32:07 | Ziggurat |
| 32:11 | Crypt Fiend |
| 35:07 | Acolyte |
| 37:34 | Orb of Corruption |
| 39:22 | Acolyte |
| 40:42 | Meat Wagon |
| 40:42 | Meat Wagon |
| 40:42 | Meat Wagon |
| 40:43 | Meat Wagon |
| 40:48 | Unholy Strength |
| 40:48 | Unholy Armor |
| 41:19 | Meat Wagon |
| 41:19 | Meat Wagon |
| 55:36 | Acolyte |
| 55:36 | Acolyte |
| 55:47 | Ziggurat |
| 57:45 | Frost Armor |
| 58:05 | Nerubian Tower |
| 59:53 | Stone Form |
| 59:55 | Gargoyle |
| 59:55 | Gargoyle |
| 59:55 | Gargoyle |
| 60:17 | Acolyte |
| 60:26 | Meat Wagon |
| 60:26 | Meat Wagon |
| 60:35 | Ziggurat |
| 60:38 | Ziggurat |
| 60:48 | Spirit Tower |
| 61:55 | Spirit Tower |
| 63:21 | Gargoyle |
| 63:21 | Gargoyle |
| 63:27 | Spirit Tower |
| 64:19 | Impale |
| 64:48 | Goblin Zeppelin |
| 66:23 | Potion of Healing |
| 69:47 | Necropolis |
| 71:46 | Necropolis |
| 73:15 | Ziggurat |
| Right click | 5089 |
| Select | 2472 |
| Select group | 1002 |
| Misc. action | 532 |
| Build/train/purchase | 282 |
| Use ability | 142 |
| Assign group | 22 |
| Item give/drop | 12 |
| Chat | 9 |
| Esc | 7 |
| Remove unit | 4 |
โ